 Dungeon Crawl Stone Soup version 0.30-a0-965-g42e074c17a (webtiles) character file.

Game seed: 14390303305990959235

1480 jasper the Conjurer (level 8, -1/67 HPs)
             Began as a Red Draconian Conjurer on Mar 30, 2023.
             Was a Follower of Vehumet.
             Killed from afar by an electric eel (10 damage)
             ... with a bolt of electricity
             ... on level 5 of the Dungeon.
             The game lasted 00:08:52 (5985 turns).

jasper the Conjurer (Red Draconian Conjurer)        Turns: 5985, Time: 00:08:53

Health: -1/67      AC:  7    Str: 10    XL:     8   Next: 50%
Magic:  14/14      EV: 18    Int: 24    God:    Vehumet [*.....]
Gold:   288        SH:  0    Dex: 10    Spells: 3/15 levels left

rFire   + . .      SeeInvis .    n - +6 flail (heavy)
rCold   . . .      Faith    .    (no shield)
rNeg    . . .      Spirit   .    (body armour unavailable)
rPois   .          Reflect  .    (helmet restricted)
rElec   .          Rampage  .    d - scarf "Bargheulo" {harm, Int+4}
rCorr   .          Harm     + .  e - +0 pair of gloves
Will    .....                    (no boots)
Stlth   ++                       (no amulet)
HPRegen 0.31/turn                b - ring of flight
MPRegen 0.14/turn                l - +5 ring of evasion

@: short of breath, flying
A: breathe fire, AC +6, unfitting armour, fire resistance 1, cold-blooded
a: Breathe Fire, Renounce Religion


You were on level 5 of the Dungeon.
You worshipped Vehumet.
Vehumet was aware of your devotion.
You visited 2 branches of the dungeon, and saw 6 of its levels.

You collected 288 gold pieces.

Inventory:

Hand Weapons
 a - a +1 whip
 f - a +0 trident
 n - a +6 heavy flail (weapon)
Armour
 d - the scarf "Bargheulo" (worn) {harm, Int+4}
   (You found it on level 2 of the Dungeon)

   Int:       It affects your intelligence (+4).
 e - a +0 pair of gloves (worn)
Jewellery
 b - a ring of flight (left hand)
 l - a +5 ring of evasion (right hand)
 t - an amulet of the acrobat
Scrolls
 h - 3 scrolls of poison
 i - a scroll of teleportation
 m - a scroll of enchant weapon
 o - a scroll of identify
 p - a scroll of vulnerability {unknown}
 s - a scroll of blinking {unknown}
 v - 2 scrolls of amnesia
Potions
 c - 6 potions of curing
 g - 2 potions of haste
 j - a potion of brilliance {unknown}
 k - a potion of degeneration
 q - a potion of cancellation {unknown}
 r - a potion of resistance {unknown}


   Skills:
 + Level 4.4 Fighting
 + Level 4.1 Dodging
 - Level 1.7 Stealth
 + Level 4.3 Spellcasting
 * Level 7.2 Conjurations
 - Level 2.0 Hexes
 - Level 2.0 Necromancy
 - Level 2.0 Air Magic
 - Level 2.0 Poison Magic


You had 3 spell levels left.
You knew the following spells:

 Your Spells              Type           Power      Damage    Failure   Level
a - Magic Dart            Conj           100%       1d8       1%          1
b - Searing Ray           Conj           78%        2d7       1%          2
c - Mephitic Cloud        Conj/Pois/Air  23%        N/A       6%          3
d - Sublimation of Blood  Necr           14%        N/A       6%          2
e - Fulminant Prism       Conj/Hex       13%        3d9       14%         4

Your spell library contained the following spells:

 Spells                   Type           Power      Damage    Failure   Level
 Shock                    Conj/Air       100%       1d9       1%          1
 Slow                     Hex            56%        N/A       4%          1
 Dazzling Flash           Conj/Hex       54%        N/A       4%          3
 Cigotuvi's Dreadful Rot  Necr/Pois/Air  28%        N/A       6%          2
 Poisonous Vapours        Pois/Air       28%        N/A       6%          2
 Beastly Appendage        Tmut           10%        N/A       10%         1
 Confusing Touch          Hex            14%        N/A       13%         3
 Tukima's Dance           Hex            14%        N/A       13%         3
 Vampiric Draining        Necr           14%        2d7       13%         3
 Wereblood                Tmut           5%         N/A       14%         2
 Portal Projectile        Hex/Tloc       18%        N/A       19%         3
 Spider Form              Tmut/Pois      9%         N/A       19%         3
 Iskenderun's Mystic Bla  Conj/Tloc      22%        2d6       22%         4
 Irradiate                Conj/Tmut      11%        3d15      52%         5
 Petrify                  Tmut/Erth      5%         N/A       67%         4
 Blade Hands              Tmut           2%         N/A       95%         5


Dungeon Overview and Level Annotations

Branches:
Dungeon (5/15)             Temple (1/1) D:4

Altars:
Cheibriados
Dithmenos
Elyvilon
Kikubaaqudgha
Makhleb
Nemelex Xobeh
Okawaru
Qazlal
Ru
Sif Muna
Uskayaw
Vehumet
Wu Jian
Xom
Yredelemnul
Zin
The Shining One


Innate Abilities, Weirdness & Mutations

You can breathe blasts of fire.
Your fiery red scales are hard. (AC +6)
You cannot fit into any form of body armour.
Your flesh is heat resistant. (rF+)
You are cold-blooded and may be slowed by cold attacks.


Message History

You start resting.
HP restored.
Health restored: 67 What are your orders? t - Shout!
Orders for allies: a - Attack new target. r - Retreat! s - Stop attacking. g - Guard the area. f - Follow me.
Anything else - Cancel.
Okay, then.
You reach down and open the door.
The electric eel shoots out a bolt of lightning at you!
The bolt of electricity hits you! x2
There is an open door here.
You take 22 damage, and have 45/67 hp.
MASSIVE DAMAGE!!
Throw: throwing net
Press: ? - help, Shift-Dir - straight line, f - electric eel
Aim: an electric eel (lightly wounded, 38% to hit)
You throw a throwing net.
The throwing net barely misses the electric eel.
The throwing net misses the electric eel.
You hear a splash.
The electric eel shoots out a bolt of lightning at you!
The bolt of electricity misses you.
The electric eel shoots out a bolt of lightning at you!
The bolt of electricity misses you. The bolt of electricity hits you!
You take 14 damage, and have 31/67 hp.
MASSIVE DAMAGE!!
Aiming: Breathe Fire (4% risk of failure)
Press: ? - help, Shift-Dir - straight line, f/p - electric eel
Aim: an electric eel (lightly wounded, 48% to hit)
You breathe a blast of fire.
The fiery breath misses the electric eel.
The electric eel shoots out a bolt of lightning at you!
The bolt of electricity hits you.
The electric eel is engulfed in a cloud of scalding steam.
The electric eel shoots out a bolt of lightning at you!
The bolt of electricity hits you!
* * * LOW HITPOINT WARNING * * *
The bolt of electricity hits you!
You die...

#######~#####.#.# #.
##....~##≈≈≈###.# #.
##.######S≈.≈≈##># #.
#~##≈≈≈##§$~).##.###########.
#~#≈≈.≈≈#$§~P$##.##..........
#~#..[†~#PS.P.##....#########
#~#..~†.#.....##.##..........
#.#.P..~#.....##.############
#.#.....##..@###.#######
#.#.....#####..#.......#
#.##..'##~~÷..########.#
##~####.~~##### #.# ##~~~..###
#.###### ######### #.......
#....)..#### #######.#.#... ##
##.....#....###.......#.#.#.
..####.....#####.....####.####.#.


You could see 2 electric eels.

Vanquished Creatures
  Edmund (D:4)
  A water moccasin (D:5)
  An ice beast (D:4)
  A black bear (D:4)
  3 ogres
  4 scorpions
  4 electric eels (D:5)
  A howler monkey (D:5)
  3 hounds (D:5)
  An orc wizard (D:5)
  3 sleepcaps
  6 adders
  4 gnolls
  A white imp (D:5)
  3 worms
  14 orcs
  7 endoplasms
  5 giant cockroaches
  12 goblins
  8 hobgoblins
  8 kobolds
  4 quokkas
  8 ball pythons
  7 bats
  5 rats
115 creatures vanquished.

Vanquished Creatures (others)
  A fungus (D:5)
  3 plants (D:5)
4 creatures vanquished.

Grand Total: 119 creatures vanquished

Notes
Turn   | Place    | Note
-------+----------+-------------------------------------------
     0 | D:1      | jasper the Draconian Conjurer began the quest for the Orb.
     0 | D:1      | Reached XP level 1. HP: 14/14 MP: 3/3
   310 | D:1      | Reached XP level 2. HP: 20/22 MP: 0/5
   322 | D:1      | Learned a level 2 spell: Searing Ray
   542 | D:1      | Reached skill level 1 in Fighting
   923 | D:1      | Reached XP level 3. HP: 28/28 MP: 1/6
  1103 | D:2      | Reached XP level 4. HP: 35/35 MP: 3/7
  1372 | D:2      | Learned a level 3 spell: Mephitic Cloud
  1710 | D:2      | Identified the scarf "Bargheulo" {harm, Int+4}
  2057 | D:3      | Learned a level 2 spell: Sublimation of Blood
  2695 | D:3      | Reached XP level 5. HP: 41/41 MP: 3/9
  2823 | D:3      | Reached skill level 5 in Conjurations
  3281 | D:4      | Noticed an ogre
  3281 | D:4      | Noticed a black bear
  3286 | D:4      | Killed an ogre
  3287 | D:4      | Reached skill level 1 in Air Magic
  3287 | D:4      | Reached skill level 1 in Poison Magic
  3300 | D:4      | Reached skill level 1 in Necromancy
  3494 | D:4      | Reached XP level 6. HP: 49/49 MP: 7/10
  3707 | D:4      | Noticed an ice beast
  3724 | D:4      | Killed an ice beast
  3942 | D:4      | Your scales start taking on a fiery red colour.
  3942 | D:4      | Reached XP level 7. HP: 56/56 MP: 3/11
  3942 | D:4      | Gained mutation: Your flesh is heat resistant. (rF+) [Red
                  | Draconian growth]
  3947 | D:4      | Learned a level 4 spell: Fulminant Prism
  4041 | D:4      | Noticed Edmund
  4053 | D:4      | Killed Edmund
  4191 | D:4      | Found a staircase to the Ecumenical Temple.
  4202 | Temple   | Entered the Ecumenical Temple
  4298 | Temple   | Became a worshipper of Vehumet
  4433 | D:4      | Reached skill level 6 in Conjurations
  4679 | D:5      | Entered Level 5 of the Dungeon
  4865 | D:5      | Reached skill level 1 in Hexes
  5156 | D:5      | Reached XP level 8. HP: 66/66 MP: 10/13
  5796 | D:5      | Reached skill level 7 in Conjurations
  5950 | D:5      | Reached * piety under Vehumet
  5950 | D:5      | Offered knowledge of Shock by Vehumet.
  5985 | D:5      | Killed from afar by an electric eel

Illustrated notes

Levels and vault maps discovered:
D:1:      dpeg_arrival_prison, layout_basic
D:2:      layout_loops_ring, minivault_4, minmay_misc_feat_plants
D:3:      layout_basic
D:4:      layout_basic, minmay_temple_entry_crystal_x, minivault_24, uniq_edmund
D:5:      cheibrodos_two_vegetables, layout_basic, serial_co_window_serial,
          co_window_corner_a, co_window_of_opportunity_a, co_window_paths_a,
          co_window_paths_a, co_window_paths_b, co_window_unsneaky_path_a,
          co_window_paths_c, co_window_broadway_b, co_window_2corner,
          co_window_of_opportunity_b, co_window_paths_e, co_window_paths_d,
          st_stairs_3, dreamdust_mushroom_princess, eino_tiny_chamber,
          minmay_crossroads
Temple:   minmay_temple_bridge_d

Skill      XL: |  1  2  3  4  5  6  7  8 |
---------------+-------------------------+-----
Dodging        | 2 3 4 |  4.1
Fighting       | 1 2 3 4 |  4.4
Conjurations   | 5 6 7 |  7.2
Air Magic      | 1 2 |  2.0
Poison Magic   | 1 2 |  2.0
Necromancy     | 1 2 |  2.0
Spellcasting   | 3 4 |  4.3
Hexes          | 1 2 |  2.0
Stealth        | |  1.7

Action                     |  1- 3 |  4- 6 |  7- 9 || total
---------------------------+-------+-------+-------++-------
  Melee: Unarmed           |    29 |       |       ||    29
         Tailslap          |     3 |     1 |     2 ||     6
         Whip              |     3 |       |       ||     3
         Trident           |     3 |    16 |       ||    19
         Flail             |       |       |     5 ||     5
  Throw: Throwing net      |       |       |     1 ||     1
   Cast: Magic Dart        |    48 |    98 |    45 ||   191
         Searing Ray       |     2 |    11 |     9 ||    22
         Mephitic Cloud    |       |     2 |     1 ||     3
Ability: Breathe Fire      |       |       |    11 ||    11
    Use: Potion            |     2 |       |       ||     2
         Scroll            |     5 |     4 |       ||     9
 Armour: Skin              |    12 |    13 |     4 ||    29
  Dodge: Dodged            |    40 |    27 |    22 ||    89

Table legend: (Time is in decaauts)
 A = Elapsed time spent in this place.
 B = Non-inter-level travel time spent in this place.
 C = Inter-level travel time spent in this place.
 D = Time resting spent in this place.
 E = Time spent auto-exploring this place.
 F = Levels seen in this place.
 G = Mean time per level.
                   A        B        C        D        E       F      G
               +--------+--------+--------+--------+--------+-----+--------+
         Total |   5996 |   5829 |    167 |    282 |   4856 |   6 |  999.3 |
       Dungeon |   5880 |   5732 |    148 |    282 |   4784 |   5 | 1176.0 |
        Temple |    116 |     97 |     19 |      0 |     72 |   1 |  116.0 |
               +--------+--------+--------+--------+--------+-----+--------+

Top non-repeatable levels by time:
     D:5: 1310 daAuts
     D:3: 1287 daAuts
     D:4: 1239 daAuts
     D:1: 1092 daAuts
     D:2: 949 daAuts
  Temple: 116 daAuts
